 Dungeon Crawl Stone Soup version 0.30.0-29-ga12c61a403 (webtiles) character file.

Game seed: 13450625118926421637

91273 MacCMillion the Summoner (level 16, 0/100 HPs)
             Began as a Tengu Summoner on June 7, 2023.
             Was an Initiate of Gozag.
             Slain by a pharaoh ant (30 damage)
             ... on level 1 of the Spider Nest.
             The game lasted 01:21:42 (27947 turns).

MacCMillion the Summoner (Tengu Summoner)          Turns: 27947, Time: 01:21:43

Health: 0/100      AC:  7    Str: 11    XL:     16   Next: 2%
Magic:  40/40      EV: 22    Int: 28    God:    Gozag
Gold:   6304       SH:  0    Dex: 14    Spells: 4/35 levels left

rFire   . . .        s - +0 short sword (venom)
rCold   . . .        (no shield)
rNeg    + . .        q - +2 robe {Archmagi}
rPois   +            Q - +0 hat {Stlth+}
rElec   +            a - +2 cloak
rCorr   .            (no gloves)
SInv    +            (boots unavailable)
Will    +....        J - amulet "Idot" {rElec rN+ Regen+ Slay+5}
Stlth   +++          g - ring of magical power
HPRegen 1.16/turn    y - ring of Daysiodd {rPois Str+2 Int+6 Dex-2 SInv}
MPRegen 0.27/turn

%: archmagi
@: flying quickly and evasively, slowed, very slow
A: beak, talons 3, nimble flight
a: Renounce Religion, Potion Petition, Call Merchant, Bribe Branch


You were on level 1 of the Spider Nest.
You worshipped Gozag.
Gozag was greatly pleased with you.
You visited 5 branches of the dungeon, and saw 24 of its levels.
You also visited: Sewer, Bailey and Ice Cave.

You collected 7809 gold pieces.
You spent 456 gold pieces at shops.
You paid 1049 gold pieces to Gozag.

Inventory:

Hand Weapons
 n - a +4 trident
 s - a +0 short sword of venom (weapon)
Missiles
 x - 4 curare-tipped darts
 H - 6 throwing nets
Armour
 a - a +2 cloak (worn)
 l - the +5 Storm Queen's Shield {shock, Fly rElec}
   (You found it on level 12 of the Dungeon)

   Shock:     When it blocks an attack, it may electrocute the attacker.
   This works even against foes who are a short distance away.
   rElec:     It insulates you from electricity.
   Fly:       It grants you flight.
 q - a +2 robe of the Archmagi (worn)
 Q - a +0 hat of stealth (worn)
Jewellery
 g - a ring of magical power (left hand)
 j - a ring of willpower
 v - an amulet of magic regeneration
 y - the ring of Daysiodd (right hand) {rPois Str+2 Int+6 Dex-2 SInv}
   (You acquired it on level 2 of the Lair of Beasts)

   [ring of intelligence]

   Str:       It affects your strength (+2).
   Int:       It affects your intelligence (+6).
   Dex:       It affects your dexterity (-2).
   rPois:     It protects you from poison.
   SInv:      It lets you see invisible.
 B - a ring of wizardry
 I - a ring of resist corrosion
 J - the amulet "Idot" (around neck) {rElec rN+ Regen+ Slay+5}
   (You took it off a gnoll bouda in a bailey)

   [amulet of regeneration]

   Slay:      It affects your accuracy & damage with ranged weapons and melee
   (+5).
   rElec:     It insulates you from electricity.
   rN:        It protects you from negative energy.
   Regen:     It increases your rate of health regeneration.
 X - a +6 ring of dexterity
Wands
 u - a wand of roots (10)
 C - a wand of quicksilver (20)
 G - a wand of flame (23)
 Z - a wand of digging (2)
Scrolls
 f - a scroll of butterflies
 i - 2 scrolls of poison {unknown}
 k - 4 scrolls of immolation
 m - 13 scrolls of teleportation
 o - 3 scrolls of magic mapping
 p - 3 scrolls of blinking
 t - 2 scrolls of silence {unknown}
 w - 4 scrolls of fear {unknown}
 A - 4 scrolls of enchant weapon
 E - 5 scrolls of fog
 P - 3 scrolls of brand weapon {unknown}
 R - 2 scrolls of vulnerability {unknown}
 S - 3 scrolls of torment {unknown}
 T - a scroll of enchant armour
 W - 2 scrolls of amnesia
Potions
 b - 3 potions of magic
 c - 5 potions of lignification
 d - 15 potions of curing
 e - 9 potions of haste
 h - 4 potions of might
 r - a potion of ambrosia {unknown}
 z - 3 potions of berserk rage
 D - 2 potions of brilliance
 F - 4 potions of heal wounds
 L - 4 potions of resistance
 M - 6 potions of mutation
 N - 2 potions of cancellation
 O - 3 potions of attraction {unknown}
 U - 3 potions of invisibility
 Y - 2 potions of degeneration {unknown}
Miscellaneous
 K - a box of beasts
 V - a condenser vane


   Skills:
 - Level 11.2 Fighting
 - Level 13.3 Dodging
 - Level 2.0 Stealth
 + Level 5.2 Shields
 - Level 10.0 Spellcasting
 - Level 12.0 Conjurations
 + Level 14.9 Summonings
 + Level 5.3 Translocations
 - Level 5.0 Ice Magic
 - Level 12.0 Air Magic
 - Level 5.0 Poison Magic


You had 4 spell levels left.
You knew the following spells:

 Your Spells              Type           Power      Damage    Failure   Level
b - Call Imp              Summ           100%       N/A       0%          2
c - Call Canine Familiar  Summ           98%        N/A       1%          3
d - Summon Lightning Spi  Summ/Air       94%        N/A       1%          4
e - Summon Guardian Gole  Hex/Summ       71%        N/A       1%          3
f - Mephitic Cloud        Conj/Pois/Air  80%        N/A       1%          3
g - Freezing Cloud        Conj/Ice/Air   40%        6-21      2%          5
h - Summon Cactus Giant   Summ           49%        N/A       1%          6
i - Summon Forest         Summ/Tloc      41%        N/A       1%          5

Your spell library contained the following spells:

 Spells                   Type           Power      Damage    Failure   Level
 Summon Small Mammal      Summ           100%       N/A       0%          1
 Apportation              Tloc           100%       N/A       1%          1
 Cigotuvi's Dreadful Rot  Necr/Pois/Air  100%       N/A       1%          2
 Poisonous Vapours        Pois/Air       100%       N/A       1%          2
 Ozocubu's Armour         Ice            58%        N/A       1%          3
 Necrotise                Necr           84%        1d8       4%          1
 Sublimation of Blood     Necr           21%        N/A       6%          2
 Wereblood                Tmut           21%        N/A       6%          2
 Ignite Poison            Fire/Tmut/Pois 34%        N/A       6%          3
 Inner Flame              Hex/Fire       21%        N/A       12%         3
 Vampiric Draining        Necr           21%        2d7       12%         3
 Summon Mana Viper        Hex/Summ       71%        N/A       5%          5
 Summon Hydra             Summ           49%        N/A       8%          7
 Alistair's Intoxication  Tmut/Pois      28%        N/A       36%         5
 Metabolic Englaciation   Hex/Ice        21%        N/A       36%         5
 Agony                    Necr           21%        N/A       73%         5
 Yara's Violent Unravell  Hex/Tmut       10%        3d6       73%         5
 Enfeeble                 Hex            10%        N/A       100%        7
 Simulacrum               Ice/Necr       Unusable   N/A       N/A         6

Dungeon Overview and Level Annotations

Branches:
Dungeon (15/15)            Temple (1/1) D:7            Lair (5/5) D:10
 Shoals (0/4) Lair:2       Spider (1/4) Lair:2        Slime (0/5) Lair:5
    Orc (2/2) D:10            Elf (0/3) Orc:2        Vaults (0/5) D:13
 Depths (0/4) D:15          Sewer (visited)          Bailey (visited)
  IceCv (visited)

Altars:
Cheibriados
Dithmenos
Elyvilon
Fedhas
Gozag
Hepliaklqana
Kikubaaqudgha
Makhleb
Nemelex Xobeh
Okawaru
Trog
Vehumet
Xom
Zin
The Shining One
Jiyva

Shops:
D:7 *   D:8 :   D:13 *   Orc:2 =(?[:

Annotations:
D:9 exclusions: upstairs and 1 more exclusion
D:12 2 transporters, Mortifus's ghost, journeyman GrFi
D:14 3 runed translucent doors
Lair:2 3 runed translucent doors, klichko's ghost, journeyman GnWn


Innate Abilities, Weirdness & Mutations

You have a beak for a mouth.
You have claws for feet.
Your magical nature lets you fly swiftly and evasively.


Message History

Okay, then.
You feel much better. The redback misses you. The tarantella misses you.
The redback closely misses you. The tarantella completely misses you.
Cast which spell? (? or * to list)
You feel a surge of power! The redback barely misses you.
The tarantella completely misses you.
The tarantella touches you but does no damage.
The redback completely misses you.
The tarantella is struck by your cactus giant's spines.
The tarantella dies!
The redback is struck by your cactus giant's spines.
The redback bites your cactus giant.
Your life force feels restored.
The redback is struck by your cactus giant's spines.
The redback dies!
You start resting.
Your cactus giant disappears in a puff of smoke!
HP restored.
You start resting.
Magic restored.
You now have 6298 gold pieces (gained 3).
You now have 6304 gold pieces (gained 6).
There is a hole to the Spider Nest here.
You fly downwards.
Welcome back to the Spider Nest!
This branch contains the gossamer rune of Zot.
The spark wasp stings you! The spark wasp shocks you. You resist.
The pharaoh ant barely misses you. The spark wasp closely misses you.
The pharaoh ant misses you. The torpor snail bites you!
Being near the torpor snail leaves you feeling lethargic.
The spark wasp stings you!! The spark wasp shocks you. You resist.
There is a crawl-hole back to the Lair, spattered with blood here.
The demonic crawler hits you! The demonic crawler hits you.
The demonic crawler hits you but does no damage.
The pharaoh ant barely misses you.
The spark wasp stings you but does no damage.
The demonic crawler misses you. x2; The demonic crawler hits you!
* * * LOW HITPOINT WARNING * * *
The pharaoh ant bites you!!
You die...
Your body crumbles into a pile of gold.

.. . .# ..##. ##.##
#.... #... ## ##
#..#.##.. .##.~
....$..####.... #
#.w#.#......#..#
#..#w@B#...#.#.##
#.#...y.ss##.s....#
.#.^...#.#..###.#
......#.##.##...#..#
....##........^..#...#
#.#....#..#.#..##..#...#
....#...#...###......###
..#....#[##... .#.##)..
. .#.#... .....# #..


You could see a spark wasp, a torpor snail, a demonic crawler, a wolf spider and
a pharaoh ant.

Vanquished Creatures
  3 centaur warriors
  4 two-headed ogres (Orc:2)
  3 death yaks (Lair:5)
  An orc high priest (Orc:2)
  A harpy (Lair:5)
  An oklob plant (D:10)
  A deep elf zephyrmancer (D:15)
  2 ugly things
  2 black mambas (Lair:5)
  3 elephants
  4 cane toads
  3 komodo dragons
  A troll (Orc:2)
  A wind drake (Lair:5)
  A tarantella (Spider:1)
  A blink frog (Lair:2)
  A dream sheep (Lair:5)
  2 slime creatures (D:12)
  A wyvern (D:10)
  19 yaks
  A basilisk (Lair:4)
  5 water moccasins
  3 orc warriors
  6 ogres
  7 wolves
  4 centaurs
  A kobold brigand (Sewer)
  3 bullfrogs
  A howler monkey (D:7)
  2 hounds (D:6)
  A sleepcap (D:5)
  A gnoll (D:11)
  2 adders
  2 river rats (Sewer)
  An ufetubus (D:6)
  A dart slug (D:3)
  11 orcs
  A bat (D:2)
  An endoplasm (D:1)
  2 hobgoblins
  3 jackals
  2 ball pythons
  A kobold (D:10)
  3 rats (D:1)
120 creatures vanquished.

Vanquished Creatures (collateral kills)
  Gastronok (D:8)
  An emperor scorpion (Spider:1)
  An orc warlord (Orc:1)
  A dire elephant (Lair:5)
  Josephine (Orc:2)
  6 hydras
  2 ogre magi (Orc:2)
  Erica (D:8)
  An anaconda (Lair:5)
  A catoblepas (Lair:5)
  An alligator (Lair:5)
  A death knight (D:15)
  2 boulder beetles
  8 two-headed ogres
  3 death yaks (Lair:5)
  A skyshark (Lair:5)
  3 skeletal warriors (D:14)
  A flayed ghost (D:9)
  2 deep trolls (Orc:2)
  A deep elf pyromancer (D:15)
  An orc knight (Orc:1)
  A necromancer (D:15)
  9 ugly things
  4 orc sorcerers
  6 manticores
  12 elephants
  7 cyclopes
  Joseph (D:9)
  A black mamba (Lair:4)
  A naga mage (D:15)
  2 centaur skeletons (D:15)
  2 efreet
  9 cane toads
  3 rime drakes (Lair:5)
  Maggie (D:8)
  3 komodo dragons
  A freezing wraith (IceCv)
  12 trolls
  3 polar bears
  A tarantella (Lair:2)
  10 blink frogs
  5 dream sheep
  A snapping turtle (Lair:5)
  11 slime creatures
  35 yaks
  5 wraiths
  4 wyverns
  A culicivora (Lair:2)
  A redback (Lair:2)
  3 basilisks
  4 steam dragons
  A harpy simulacrum (D:15)
  3 wargs
  9 water moccasins
  Edmund (D:6)
  A nameless horror (D:12)
  16 orc warriors
  2 ice beasts (D:12)
  A sky beast (D:7)
  A black bear (Lair:1)
  17 ogres
  4 centaurs
  14 wolves
  6 bullfrogs
  12 kobold brigands
  11 gnoll sergeants
  4 scorpions
  22 wights
  2 killer bees (D:9)
  2 electric eels (D:12)
  7 howler monkeys
  A lava snake (D:13)
  6 gnoll boudas (Bailey)
  15 orc priests
  5 hounds
  3 jellies (Lair:5)
  An iron imp (D:7)
  A boggart zombie (D:15)
  Terence (D:2)
  12 orc wizards
  2 iguanas
  A wolf simulacrum (IceCv)
  16 gnolls
  3 river rats (Sewer)
  7 adders
  2 white imps
  An ufetubus (D:12)
  5 worms (Sewer)
  4 dart slugs
  52 orcs
  3 bats
  10 endoplasms
  6 giant cockroaches
  2 goblins
  7 hobgoblins
  2 jackals (D:2)
  20 kobolds
  4 quokkas
  6 ball pythons
  5 frilled lizards
  6 rats
544 creatures vanquished.

Vanquished Creatures (others)
  A sea snake (Lair:5)
1 creature vanquished.

Grand Total: 665 creatures vanquished

Notes
Turn   | Place    | Note
-------+----------+-------------------------------------------
     0 | D:1      | MacCMillion the Tengu Summoner began the quest for the Orb.
     0 | D:1      | Reached XP level 1. HP: 10/10 MP: 4/4
   148 | D:1      | Reached skill level 5 in Summonings
   214 | D:1      | Reached XP level 2. HP: 15/15 MP: 3/6
   587 | D:1      | Reached XP level 3. HP: 19/19 MP: 4/7
   909 | D:1      | Found a faded altar of an unknown god.
  1112 | D:1      | Learned a level 2 spell: Call Imp
  1116 | D:1      | Learned a level 3 spell: Call Canine Familiar
  1327 | D:2      | Noticed Terence
  1342 | D:2      | Killed Terence
  1343 | D:2      | Reached skill level 6 in Summonings
  1343 | D:2      | Reached XP level 4. HP: 24/24 MP: 9/9
  2161 | D:2      | Gained mutation: Your magical nature lets you fly swiftly
                  | and evasively. [Tengu growth]
  2161 | D:2      | Reached XP level 5. HP: 28/28 MP: 10/10
  2702 | D:3      | Reached skill level 7 in Summonings
  3150 | D:3      | Reached skill level 1 in Fighting
  3326 | D:3      | Found a sparkling altar of Nemelex Xobeh.
  3553 | D:4      | Found a glowing drain.
  3557 | Sewer    | Entered a sewer
  3588 | Sewer    | Reached XP level 6. HP: 32/35 MP: 11/11
  4118 | Sewer    | Reached XP level 7. HP: 41/41 MP: 12/12
  4244 | Sewer    | Reached skill level 5 in Dodging
  4958 | D:4      | Reached XP level 8. HP: 48/48 MP: 13/13
  5084 | D:5      | Entered Level 5 of the Dungeon
  5192 | D:5      | Reached skill level 5 in Fighting
  5465 | D:5      | Found a glowing golden altar of the Shining One.
  5963 | D:6      | Noticed Edmund
  5975 | D:6      | Killed Edmund
  6177 | D:6      | Learned a level 4 spell: Summon Lightning Spire
  6210 | D:6      | Reached skill level 1 in Air Magic
  6788 | D:7      | Found a snail-covered altar of Cheibriados.
  6798 | D:7      | Reached skill level 8 in Summonings
  6864 | D:7      | Reached XP level 9. HP: 54/54 MP: 14/14
  6869 | D:7      | Found a staircase to the Ecumenical Temple.
  6878 | Temple   | Entered the Ecumenical Temple
  6896 | Temple   | Became a worshipper of Gozag Ym Sagoz the Greedy
  6932 | D:7      | Reached skill level 5 in Air Magic
  6960 | D:7      | Found a flagged portal.
  6994 | D:7      | Reached skill level 9 in Summonings
  7015 | Bailey   | Entered a bailey
  7504 | Bailey   | Reached skill level 10 in Summonings
  7577 | Bailey   | Identified the +8 plate armour of the Distant Future {rElec
                  | Dex+3}
  7623 | Bailey   | Reached XP level 10. HP: 49/60 MP: 11/16
  7637 | Bailey   | Identified the amulet "Idot" {rElec rN+ Regen+ Slay+5}
  8170 | D:7      | Found Atyuff's Elemental Accessories.
  8503 | D:8      | Found Puzayzup's Book Boutique.
  9238 | D:8      | Noticed Gastronok
  9256 | D:8      | Killed Gastronok
  9257 | D:8      | Reached skill level 5 in Spellcasting
  9257 | D:8      | Reached skill level 11 in Summonings
  9322 | D:8      | Noticed Erica
  9350 | D:8      | Killed Erica
  9587 | D:8      | Noticed Maggie
  9595 | D:8      | Killed Maggie
  9596 | D:8      | Reached XP level 11. HP: 67/67 MP: 16/20
  9881 | D:9      | Found a radiant altar of Vehumet.
  9915 | D:9      | Reached skill level 10 in Dodging
 10437 | D:9      | Reached skill level 12 in Summonings
 10561 | D:9      | Noticed a green ugly thing
 10747 | D:9      | Noticed a boulder beetle
 10770 | D:9      | Killed a boulder beetle
 10790 | D:9      | Noticed a flayed ghost
 10801 | D:9      | Killed a flayed ghost
 10817 | D:9      | Killed a green ugly thing
 11153 | D:9      | Noticed Joseph
 11250 | D:9      | Learned a level 3 spell: Mephitic Cloud
 11290 | D:9      | Killed Joseph
 11291 | D:9      | Reached skill level 1 in Conjurations
 11346 | D:9      | Noticed a fire dragon
 11423 | D:10     | Entered Level 10 of the Dungeon
 11449 | D:10     | Reached skill level 1 in Poison Magic
 11456 | D:10     | Learned a level 3 spell: Summon Guardian Golem
 11645 | D:10     | Noticed a two-headed ogre
 11660 | D:10     | Killed a two-headed ogre
 11661 | D:10     | Reached XP level 12. HP: 75/75 MP: 21/23
 11723 | D:10     | Found a staircase to the Lair.
 11809 | D:10     | Noticed a two-headed ogre
 11817 | D:10     | Killed a two-headed ogre
 12217 | D:10     | Found a staircase to the Orcish Mines.
 13178 | D:11     | Reached skill level 5 in Poison Magic
 13734 | Lair:1   | Entered Level 1 of the Lair of Beasts
 13985 | Lair:1   | Reached skill level 13 in Summonings
 14457 | Lair:1   | Reached skill level 5 in Conjurations
 14781 | Lair:2   | Reached XP level 13. HP: 21/80 MP: 25/27
 15176 | Lair:2   | Found a staircase to the Shoals.
 15252 | Lair:2   | Found a hole to the Spider Nest.
 15575 | Lair:2   | Found a runed translucent gate.
 15575 | Lair:2   | Found a runed translucent gate.
 15575 | Lair:2   | Found a runed translucent gate.
 15576 | Lair:2   | Noticed klichko's ghost (journeyman GnWn)
 15577 | Lair:2   | Found a viscous altar of Jiyva.
 15830 | Lair:2   | Identified a scroll of acquirement
 15831 | Lair:2   | Acquired the ring of Daysiodd {rPois Str+2 Int+6 Dex-2
                  | SInv}
 16237 | Lair:3   | Reached skill level 10 in Fighting
 16556 | Lair:3   | Reached skill level 10 in Spellcasting
 17225 | Lair:4   | Learned a level 5 spell: Freezing Cloud
 17365 | Lair:4   | Reached skill level 1 in Ice Magic
 18193 | Lair:5   | Entered Level 5 of the Lair of Beasts
 18380 | Lair:5   | Found a staircase to the Slime Pits.
 18680 | Lair:5   | Noticed a dire elephant
 18686 | Lair:5   | Reached XP level 14. HP: 78/88 MP: 29/29
 18711 | Lair:5   | Killed a dire elephant
 19120 | Lair:5   | Reached skill level 10 in Air Magic
 19263 | Lair:5   | Reached skill level 5 in Ice Magic
 19293 | Lair:5   | Reached skill level 10 in Conjurations
 19787 | Lair:5   | Identified the +5 trident of Instant Death {distort, *Noise
                  | rElec rPois SInv}
 19947 | Orc:1    | Entered Level 1 of the Orcish Mines
 20044 | Orc:2    | Entered Level 2 of the Orcish Mines
 20044 | Orc:2    | Found a staircase to the Elven Halls.
 20065 | Orc:2    | Noticed Josephine
 20082 | Orc:2    | Killed Josephine
 20447 | Orc:2    | Reached XP level 15. HP: 94/94 MP: 26/30
 20878 | Orc:2    | Found Umpiditt's Armour Shoppe.
 20880 | Orc:2    | Found Uty Deh's Jewellery Boutique.
 20888 | Orc:2    | Found Tefupis's Book Emporium.
 20889 | Orc:2    | Found Esturymo's Magic Scroll Shoppe.
 20927 | Orc:2    | Bought a book of the Wilderness for 456 gold pieces
 21014 | Orc:2    | Found Yfereo's Antique Weapon Shop.
 21271 | Orc:2    | Learned a level 6 spell: Summon Cactus Giant
 21277 | Orc:2    | Learned a level 5 spell: Summon Forest
 21321 | Orc:1    | Noticed an orc warlord
 21328 | Orc:1    | Reached skill level 1 in Translocations
 21498 | Orc:1    | Killed an orc warlord
 22295 | D:12     | Found a transporter.
 22303 | D:12     | Found a shimmering altar of Xom.
 22303 | D:12     | Found a frozen archway.
 22304 | D:12     | Found a shimmering altar of Xom.
 22304 | D:12     | Found the +5 Storm Queen's Shield {shock, Fly rElec}
 22306 | D:12     | Found a shimmering altar of Xom.
 22311 | D:12     | Found a shimmering altar of Xom.
 22311 | D:12     | Found a shimmering altar of Xom.
 22365 | IceCv    | Entered an ice cave
 22558 | D:12     | Noticed Mortifus's ghost (journeyman GrFi)
 22608 | D:12     | Found a transporter.
 22678 | D:12     | Reached skill level 1 in Shields
 23990 | D:13     | Found Zin's Purification Station.
 23993 | D:13     | Found a glowing silver altar of Zin.
 24020 | D:13     | Found a gate to the Vaults.
 24604 | D:14     | Found a runed translucent gate.
 24604 | D:14     | Found a runed translucent gate.
 24604 | D:14     | Found a runed translucent gate.
 24679 | D:14     | Reached skill level 14 in Summonings
 26143 | D:15     | Entered Level 15 of the Dungeon
 26547 | D:15     | Found an ancient bone altar of Kikubaaqudgha.
 27024 | D:15     | Reached skill level 5 in Translocations
 27168 | D:15     | Found a staircase to the Depths.
 27360 | D:15     | Reached skill level 5 in Shields
 27833 | Spider:1 | Entered Level 1 of the Spider Nest
 27833 | Spider:1 | Noticed an emperor scorpion
 27842 | Spider:1 | Killed an emperor scorpion
 27843 | Spider:1 | Reached XP level 16. HP: 60/100 MP: 23/31
 27947 | Spider:1 | Slain by a pharaoh ant

Illustrated notes

Levels and vault maps discovered:
D:1:      minmay_arrival_plants_in_alcoves, layout_basic,
          basic_ecumenical_altar, item_on_display_a
D:2:      layout_basic, ebering_dispersal_statue_hall,
          small_statue_intersection, uniq_terence
D:3:      layout_rooms, nemelex_dance_club_becter, serial_co_window_serial,
          co_window_paths_a, co_window_paths_a, co_window_paths_b,
          co_window_paths_a, co_window_corner_a, co_window_paths_a,
          co_window_paths_a, co_window_broadway_b, co_window_of_opportunity_c,
          co_window_2corner, co_window_sun, glass_columns_a, glass_columns_b,
          glass_columns_a, glass_columns_a
D:4:      layout_basic, gup_sewer_entry_spiral
D:5:      layout_gridville, kennysheep_mini_moat
D:6:      layout_basic, uniq_edmund
D:7:      layout_cave_pods, slow_altar_1, minmay_temple_entry_statues_pillars,
          enter_bailey_2, nicolae_elemental_shop
D:8:      layout_loops_ring, nicolae_concentric_dashed_squares_mild,
          nicolae_stop_n_shop_1, minmay_door_square, uniq_erica, uniq_maggie,
          uniq_gastronok
D:9:      nzn_winding_woodlands_stair_cross
          [nzn_winding_woodlands_5x15_river_crossing,
          nzn_winding_woodlands_center_pierced_h,
          nzn_winding_woodlands_5x15_default,
          nzn_winding_woodlands_5x5_checkerboard,
          nzn_winding_woodlands_5x5_open_star, nzn_winding_woodlands_5x15_twine,
          nzn_winding_woodlands_center_diamonds,
          nzn_winding_woodlands_5x15_cabin], layout_gridville,
          pf_just_have_faith, uniq_joseph
D:10:     layout_gridville, dpeg_oklobed_lair, david_orc_4, minivault_10
D:11:     layout_gridville
D:12:     layout_long_grid, serial_ice, serial_ice_j, serial_ice_c,
          serial_ice_m, serial_ice_d, serial_ice_f,
          portal_ice_cave_entry_pillars_1, gammafunk_ghost_mausoleum,
          xom_shifter_show
D:13:     layout_basic, minivault_5, zin_purify
D:14:     layout_layer_cave, ploomutoo_gammafunk_ghost_potion_laboratory,
          hangedman_ranch
D:15:     grunt_enter_depths_magical_seal, layout_basic,
          nicolae_kikubaaqudgha_miasma_corner, minmay_misc_feat_columns
Temple:   eino_narrow_crystal_temple
Lair:1:   layout_loops_ring, beast_lair_carwin_7
Lair:2:   layout_misc_corridors, shoals_dummy_entry, spider_nest_entry_rubble,
          gammafunk_ghost_ooze, grunt_megastairs_3
Lair:3:   layout_long_grid
Lair:4:   layout_cave_pods
Lair:5:   gammafunk_lair_ancient_temple, layout_small_grid,
          minmay_slime_entry_pillars, hangedman_lair_generics_rect
Spider:1: layout_spider_delve
Orc:1:    layout_diamond_mine
Orc:2:    st_orc_open, layout_caves, serial_shops,
          nicolae_shop_just_a_little_nook, kennysheep_orc_chapel, uniq_josephine

Skill      XL: |  1  2  3  4  5  6  7  8  9 10 11 12 13 14 15 |
---------------+----------------------------------------------+-----
Summonings     | 5 6 7 8 10 11 12 13 14 | 14.9
Spellcasting   | 3 5 7 9 10 | 10.0
Fighting       | 1 3 4 5 7 8 9 10 11 | 11.2
Dodging        | 3 4 5 8 9 10 11 13 | 13.3
Air Magic      | 4 7 9 12 | 12.0
Conjurations   | 2 5 7 12 | 12.0
Poison Magic   | 1 5 |  5.0
Ice Magic      | 3 5 |  5.0
Translocations | 5 |  5.3
Shields        | 5 |  5.2
Stealth        | |  2.0

Action                     |  1- 3 |  4- 6 |  7- 9 | 10-12 | 13-15 | 16-18 || total
---------------------------+-------+-------+-------+-------+-------+-------++-------
  Melee: Unarmed           |    16 |       |       |       |       |       ||    16
         Kick              |    10 |    17 |    17 |    47 |   100 |       ||   191
         Dagger            |    11 |    22 |       |       |       |       ||    33
         Peck              |       |     8 |     9 |    34 |    71 |       ||   122
         Short sword       |       |    26 |    50 |    84 |   216 |       ||   376
         Punch             |       |       |     2 |     2 |     4 |       ||     8
   Cast: Summon Small Mamm |    45 |       |       |       |     1 |       ||    46
         Call Imp          |     3 |    23 |    30 |     2 |       |       ||    58
         Call Canine Famil |     1 |    20 |    32 |    50 |    80 |       ||   183
         Summon Lightning  |       |       |     9 |    76 |   117 |       ||   202
         Mephitic Cloud    |       |       |       |    15 |    46 |       ||    61
         Summon Guardian G |       |       |       |     6 |     4 |       ||    10
         Freezing Cloud    |       |       |       |       |    14 |     1 ||    15
         Summon Cactus Gia |       |       |       |       |    47 |     1 ||    48
         Summon Forest     |       |       |       |       |     2 |       ||     2
 Invoke: Potion Petition   |       |       |       |       |     1 |       ||     1
    Use: Scroll            |       |       |       |       |    22 |     1 ||    23
         Potion            |       |       |       |       |     1 |     1 ||     2
   Stab: Sleeping          |       |     1 |       |       |       |       ||     1
         Distracted        |       |       |     2 |     1 |     5 |       ||     8
         Confused          |       |       |       |     5 |     9 |       ||    14
 Armour: Robe              |     9 |     4 |     1 |    10 |    36 |     4 ||    64
  Dodge: Dodged            |    22 |    60 |    84 |    91 |   292 |    25 ||   574
